AoeStats
← DM

Nomad

505202349Analyzed
4v4 RM · 24d ago on Sep 8, 2026· 46m 39s· 8 players
Game mode
Random Map
Map size
231×231
Population
200
Speed
Normal
Resources
Standard
Victory
Conquest
Starting age
Dark Age
Ending age
Imperial Age
RankedLock teamsTeams togetherTeam positionsShared explorationLock speedFull tech treeHidden civsTurbo modeCheats
Victory
Defeat
🇦🇷 Huns · Argentina
1135
+13
🇳🇿 Teutons · New Zealand
1113
+14
🇧🇩 Slavs · Bangladesh
1095
+15
🇹🇼 Poles · Taiwan
1028
+17
🇵🇱 Poles · Poland
1111
-17
🇷🇺 Saracens · Russia
1094
-16
🇹🇷 Burgundians · Türkiye
1053
-14
🇺🇸 Muisca · United States
1008
-12
Gbetosaurus
9:38 Loom
14:55 Feudal Age
15:47 Double-Bit Axe
15:57 Gold Mining
15:51 Horse Collar
20:45 Stone Mining
23:41 Castle Age
25:58 Scale Mail Armor
26:09 Forging
26:01 Squires
29:56 Imperial Age
30:20 Heavy Plow
30:39 Bow Saw
30:12 Fishing Lines
31:31 Block Printing
31:26 Fervor
31:37 Sanctity
31:29 Redemption
32:28 Chain Mail Armor
33:52 Illumination
34:46 Crop Rotation
36:16 Gillnets
38:53 Demolition Ship
41:26 Plate Mail Armor
41:32 Iron Casting
40:19 Elite Temple Guard
43:20 Wheelbarrow
43:59 Heavy Demolition Ship
hknarsln
15:18 Feudal Age
14:00 Double-Bit Axe
13:58 Horse Collar
15:23 Loom
16:14 Wheelbarrow
16:34 Bow Saw
17:46 Heavy Plow
22:16 Castle Age
20:31 Loom
22:52 Scale Barding Armor
22:58 Forging
23:42 Husbandry
23:04 Cavalier
24:40 Hand Cart
24:26 Gold Mining
25:55 Gold Shaft Mining
28:46 Chain Barding Armor
33:04 Crop Rotation
35:52 Imperial Age
34:18 Iron Casting
34:39 Burgundian Vineyards
36:27 Paladin
38:38 Plate Barding Armor
39:06 Blast Furnace
giancarlo7
14:20 Feudal Age
15:36 Wheelbarrow
15:01 Double-Bit Axe
15:16 Horse Collar
23:25 Castle Age
21:43 Stone Mining
22:08 Scale Mail Armor
22:53 Scale Barding Armor
22:51 Gold Mining
23:42 Forging
25:51 Hand Cart
27:09 Szlachta Privileges
33:46 Imperial Age
32:30 Chain Barding Armor
33:18 Chain Mail Armor
33:39 Iron Casting
34:52 Conscription
35:20 Husbandry
34:42 Cavalier
38:17 Plate Mail Armor
40:40 Blast Furnace
DM
16:18 Feudal Age
15:04 Loom
16:56 Fishing Lines
21:31 Castle Age
19:19 Double-Bit Axe
19:15 Horse Collar
23:35 Bow Saw
23:26 Heavy Plow
22:49 Crossbowman
24:11 Fletching
24:55 Bodkin Arrow
26:31 Padded Archer Armor
27:16 Gold Mining
32:48 Stone Mining
33:43 Leather Archer Armor
33:37 Town Watch
37:44 Imperial Age
36:13 Wheelbarrow
36:43 Gold Shaft Mining
37:24 Hand Cart
37:09 Town Patrol
38:05 Thumb Ring
37:48 Arbalester
39:35 Chemistry
40:24 Ballistics
40:35 Ring Archer Armor
40:06 Bracer
40:38 Ring Archer Armor
Pietrox75
12:13 Loom
16:32 Feudal Age
17:23 Double-Bit Axe
17:26 Fishing Lines
21:28 Castle Age
19:35 Stone Mining
19:48 Gold Mining
21:39 Wheelbarrow
22:15 Forging
22:10 Scale Barding Armor
23:53 Gold Shaft Mining
23:10 Gillnets
24:07 Bow Saw
24:39 Horse Collar
25:28 Hand Cart
27:14 Heavy Plow
28:27 Husbandry
28:37 Bloodlines
31:46 Iron Casting
31:31 Chain Barding Armor
34:52 Imperial Age
34:28 Chain Barding Armor
35:23 Cavalier
37:06 Blast Furnace
36:42 Plate Barding Armor
36:48 Pikeman
37:29 Squires
37:15 Arson
37:53 Capped Ram
38:00 Halberdier
39:06 Light Cavalry
41:43 Two-Man Saw
40:46 Hussar
41:45 Paladin
bimurock
7:07 Loom
14:14 Feudal Age
15:34 Wheelbarrow
16:07 Double-Bit Axe
16:46 Fishing Lines
18:03 Gold Mining
18:28 Bloodlines
19:21 Forging
19:17 Scale Barding Armor
22:42 Castle Age
22:30 Horse Collar
23:38 Bow Saw
23:18 Light Cavalry
23:58 Husbandry
24:37 Chain Barding Armor
24:53 Iron Casting
26:05 Hand Cart
25:48 Stone Mining
26:26 Heavy Plow
28:12 Town Watch
30:17 Town Patrol
31:40 Stone Shaft Mining
34:44 Imperial Age
33:14 Treadmill Crane
33:31 Murder Holes
35:09 Masonry
35:07 Szlachta Privileges
36:06 Lechitic Legacy
36:07 Conscription
36:08 Winged Hussar
38:42 Blast Furnace
41:43 Chemistry
41:05 Ballistics
40:50 Siege Engineers
captincrofty
5:13 Loom
14:28 Feudal Age
16:37 Double-Bit Axe
17:19 Horse Collar
24:23 Castle Age
23:39 Stone Mining
23:39 Gold Mining
25:32 Bow Saw
28:08 Heavy Plow
27:33 Pikeman
29:43 Scale Mail Armor
31:17 Chain Mail Armor
31:41 Wheelbarrow
30:55 Town Watch
35:48 Imperial Age
34:11 Hand Cart
35:42 Town Patrol
36:11 Squires
35:56 Arson
36:24 Forging
37:14 Plate Mail Armor
38:28 Chemistry
38:05 Iron Casting
37:56 Fletching
38:29 Ballistics
38:20 Masonry
38:56 Crop Rotation
39:29 Two-Man Saw
39:28 Conscription
39:06 Bodkin Arrow
45:17 Halberdier
45:21 Elite Skirmisher
Gunslinger
7:28 Loom
15:50 Feudal Age
16:18 Double-Bit Axe
18:18 Gold Mining
18:19 Stone Mining
18:18 Horse Collar
21:02 Castle Age
23:01 Bow Saw
23:54 Wheelbarrow
25:00 Gold Shaft Mining
25:54 Hand Cart
28:45 Heavy Plow
32:03 Fishing Lines
36:02 Imperial Age
33:53 Gillnets
34:43 Scale Barding Armor
35:54 Chain Barding Armor
35:46 Forging
35:12 Light Cavalry
36:13 Bloodlines
36:19 Elite Boyar
38:10 Two-Man Saw
39:37 Plate Barding Armor
39:38 Iron Casting
42:45 Blast Furnace
Connection lost

Rejoining the realm…

Still unreachable

The connection could not be restored.

Session expired

The server has moved on; the page needs a fresh start.